TOP OF THE 1ST |
Huntington Beach HS Oilers batting - Pitching for Stoneman Douglas HS Eagles : RHP Easton DeStefano
|
Pitching: RHP Easton DeStefano
|
|
Batting: RHB Micah Lippe
|
0-0: Ball 1-0: Foul Ball, location: 2F 1-1: Called Strike 1-2: SINGLE (Groundball, 6MD, EV 95.6 MPH)
|
Batting: SHB Maxwell Cross
|
0-0: Called Strike 0-1: Ball Micah Lippe steals 2nd base 1-1: Foul Ball, location: 2F 1-2: Ground out 6-3 (Groundball, 6, EV 90.0 MPH)
|
Batting: RHB Barry Stillwell
|
0-0: Called Strike 0-1: SINGLE (Line Drive, 9S, EV 93.1 MPH) Micah Lippe to third Runner from 3rd tries for Home, SAFE, throw by RF to home
|
Batting: SHB Quinn Oropesa
|
0-0: Called Strike Barry Stillwell steals 2nd base 0-1: Ball 1-1: Hit by Pitch
|
Batting: RHB Parker Murphy
|
0-0: Ball 1-0: Swinging Strike 1-1: Ball 2-1: Swinging Strike 2-2: Foul Ball, location: 2F 2-2: Ball 3-2: Foul Ball, location: 2F 3-2: Grounds into double play, 4-6-3 (Groundball, 4, EV 89.4 MPH)
|
Top of the 1st over - 1 run, 2 hits, 0 errors, 1 left on base; Huntington Beach HS 1 - Stoneman Douglas HS 0 |
BOTTOM OF THE 1ST |
Stoneman Douglas HS Eagles batting - Pitching for Huntington Beach HS Oilers : RHP Israel Creech
|
Pitching: RHP Israel Creech
|
|
Batting: SHB Clark Foster
|
0-0: Called Strike 0-1: Ground out 1-3 (Groundball, 13S, EV 69.4 MPH)
|
Batting: RHB Jordy Poston
|
0-0: Fly out, F3 (Popup, 3F, EV 54.4 MPH)
|
Batting: LHB Aaren Hernandez
|
0-0: Ground out 4-3 (Groundball, 4, EV 97.5 MPH)
|
Bottom of the 1st over - 0 runs, 0 hits, 0 errors, 0 left on base; Huntington Beach HS 1 - Stoneman Douglas HS 0 |
TOP OF THE 2ND |
Huntington Beach HS Oilers batting - Pitching for Stoneman Douglas HS Eagles : RHP Easton DeStefano
|
Batting: SHB Nathan Spear
|
0-0: Ball 1-0: Ball 2-0: TRIPLE (Flyball, 78XD, EV 110.6 MPH)
|
Batting: RHB Colton Bushell
|
0-0: Foul Ball, location: 2F 0-1: Called Strike 0-2: Foul Ball, location: 2F 0-2: Strikes out looking
|
Batting: RHB Harley Newton
|
0-0: Ball 1-0: Ball 2-0: Called Strike 2-1: Foul Ball, location: 2F 2-2: Fly out, F7 (Flyball, 7, EV 89.4 MPH)
|
Batting: RHB Kyle Boehm
|
0-0: SINGLE (Groundball, 4M, EV 86.2 MPH) (infield hit) Nathan Spear scores
|
Batting: RHB Micah Lippe
|
0-0: SINGLE (Groundball, 56D, EV 101.2 MPH) Kyle Boehm to second
|
Batting: SHB Maxwell Cross
|
0-0: Ball 1-0: Called Strike 1-1: Swinging Strike 1-2: Strikes out swinging
|
Top of the 2nd over - 1 run, 3 hits, 0 errors, 2 left on base; Huntington Beach HS 2 - Stoneman Douglas HS 0 |
BOTTOM OF THE 2ND |
Stoneman Douglas HS Eagles batting - Pitching for Huntington Beach HS Oilers : RHP Israel Creech
|
Batting: RHB Seth Ussery
|
0-0: Foul Ball, location: 2F 0-1: Foul Ball, location: 2F 0-2: Ball 1-2: Ball 2-2: Strikes out looking
|
Batting: RHB Evan Worden
|
0-0: Foul Ball, location: 2F 0-1: SINGLE (Groundball, 6MD, EV 110.0 MPH)
|
Batting: RHB Connley Davis
|
0-0: Swinging Strike 0-1: Ball 1-1: Ball 2-1: Ball 3-1: Foul Ball, location: 2F 3-2: Foul Ball, location: 2F 3-2: Base on Balls Evan Worden to second
|
Batting: LHB Ty Wallin
|
0-0: Swinging Strike 0-1: Ball 1-1: Swinging Strike 1-2: Ball 2-2: Fielders Choice at 2nd, 4-6 (Groundball, 4, EV 93.8 MPH) Evan Worden to third
|
Batting: RHB Jimmy Matherly
|
0-0: Called Strike 0-1: Called Strike 0-2: Foul Ball, location: 2F 0-2: Ball 1-2: Foul Ball, location: 2F 1-2: Strikes out looking
|
Bottom of the 2nd over - 0 runs, 1 hit, 0 errors, 2 left on base; Huntington Beach HS 2 - Stoneman Douglas HS 0 |
TOP OF THE 3RD |
Huntington Beach HS Oilers batting - Pitching for Stoneman Douglas HS Eagles : RHP Easton DeStefano
|
Batting: RHB Barry Stillwell
|
0-0: Ball 1-0: Foul Ball, location: 2F 1-1: Ball 2-1: Swinging Strike 2-2: Ball 3-2: SINGLE (Line Drive, 89M, EV 94.4 MPH)
|
Batting: SHB Quinn Oropesa
|
0-0: Ball 1-0: Ball 2-0: Ball 3-0: Called Strike 3-1: 2-RUN HOME RUN (Flyball, 89XD, EV 116.9 MPH), Distance : 470 ft
|
Batting: RHB Parker Murphy
|
0-0: Ball 1-0: Foul Ball, location: 2F 1-1: Fly out, F6 (Popup, 6S, EV 62.5 MPH)
|
Batting: SHB Nathan Spear
|
0-0: Ball 1-0: Ball 2-0: Ball 3-0: Called Strike 3-1: Ground out 4-3 (Groundball, 4, EV 90.6 MPH)
|
Batting: RHB Colton Bushell
|
0-0: Fly out, F4 (Popup, 34, EV 75.6 MPH)
|
Top of the 3rd over - 2 runs, 2 hits, 0 errors, 0 left on base; Huntington Beach HS 4 - Stoneman Douglas HS 0 |
BOTTOM OF THE 3RD |
Stoneman Douglas HS Eagles batting - Pitching for Huntington Beach HS Oilers : RHP Israel Creech
|
Batting: RHB Tony Sanders
|
0-0: Called Strike 0-1: Called Strike 0-2: Foul Ball, location: 2F 0-2: Strikes out swinging
|
Batting: SHB Clark Foster
|
0-0: Called Strike 0-1: Foul Ball, location: 2F 0-2: Strikes out swinging
|
Batting: RHB Jordy Poston
|
0-0: DOUBLE (Groundball, 3L, EV 106.2 MPH)
|
Batting: LHB Aaren Hernandez
|
0-0: Called Strike 0-1: Ball 1-1: Fly out, F8 (Flyball, 8LD, EV 100.6 MPH)
|
Bottom of the 3rd over - 0 runs, 1 hit, 0 errors, 1 left on base; Huntington Beach HS 4 - Stoneman Douglas HS 0 |
TOP OF THE 4TH |
Huntington Beach HS Oilers batting - Pitching for Stoneman Douglas HS Eagles : RHP Easton DeStefano
|
Batting: RHB Harley Newton
|
0-0: Foul Ball, location: 2F 0-1: Ball 1-1: Ball 2-1: Ball 3-1: Foul Ball, location: 2F 3-2: Base on Balls
|
Batting: RHB Kyle Boehm
|
0-0: Called Strike 0-1: Grounds into double play, 3-6-1 (Groundball, 3, EV 80.6 MPH)
|
Batting: RHB Micah Lippe
|
0-0: Foul Ball, location: 2F 0-1: Ball 1-1: Foul Ball, location: 2F 1-2: Strikes out swinging, 2-3 out at first.
|
Top of the 4th over - 0 runs, 0 hits, 0 errors, 0 left on base; Huntington Beach HS 4 - Stoneman Douglas HS 0 |
BOTTOM OF THE 4TH |
Stoneman Douglas HS Eagles batting - Pitching for Huntington Beach HS Oilers : RHP Israel Creech
|
Batting: RHB Seth Ussery
|
0-0: Called Strike 0-1: Ball 1-1: SINGLE (Groundball, 4MD, EV 97.5 MPH)
|
Batting: RHB Evan Worden
|
0-0: Ball 1-0: Ball 2-0: Foul Ball, location: 2F 2-1: Foul Ball, location: 2F 2-2: Foul Ball, location: 2F 2-2: Ball 3-2: Base on Balls Seth Ussery to second
|
Batting: RHB Connley Davis
|
0-0: Swinging Strike 0-1: Ball 1-1: Ball 2-1: Grounds into double play, 4-6-3 (Groundball, 4, EV 102.5 MPH) Seth Ussery to third
|
Batting: LHB Ty Wallin
|
0-0: Ball 1-0: Fly out, F8 (Flyball, 8RM, EV 75.0 MPH)
|
Bottom of the 4th over - 0 runs, 1 hit, 0 errors, 1 left on base; Huntington Beach HS 4 - Stoneman Douglas HS 0 |
TOP OF THE 5TH |
Huntington Beach HS Oilers batting - Pitching for Stoneman Douglas HS Eagles : RHP Easton DeStefano
|
Batting: SHB Maxwell Cross
|
0-0: Ball 1-0: Swinging Strike 1-1: Foul Ball, location: 2F 1-2: Ball 2-2: Strikes out looking
|
Pitching: RHP Evan Harris
|
|
Batting: RHB Barry Stillwell
|
0-0: Called Strike 0-1: Ball 1-1: Called Strike 1-2: Ball 2-2: Hit by Pitch
|
Batting: SHB Quinn Oropesa
|
0-0: SINGLE (Groundball, 3D, EV 96.9 MPH) Barry Stillwell to second Runner from 2nd tries for 3rd, OUT! 9-5 Quinn Oropesa to second
|
Batting: RHB Parker Murphy
|
0-0: Ball 1-0: Fly out, F7 (Flyball, 7S, EV 93.8 MPH)
|
Top of the 5th over - 0 runs, 1 hit, 0 errors, 1 left on base; Huntington Beach HS 4 - Stoneman Douglas HS 0 |
BOTTOM OF THE 5TH |
Stoneman Douglas HS Eagles batting - Pitching for Huntington Beach HS Oilers : RHP Israel Creech
|
Batting: RHB Jimmy Matherly
|
0-0: Ball 1-0: Ground out 1-3 (Groundball, 13S, EV 71.9 MPH)
|
Batting: RHB Tony Sanders
|
0-0: Ground out 4-3 (Groundball, 4, EV 99.4 MPH)
|
Batting: SHB Clark Foster
|
0-0: Called Strike 0-1: Ball 1-1: Foul Ball, location: 2F 1-2: Ball 2-2: Ball 3-2: Foul Ball, location: 2F 3-2: Base on Balls
|
Batting: RHB Jordy Poston
|
0-0: Called Strike 0-1: Foul Ball, location: 2F 0-2: Fly out, F5 (Line Drive, 56, EV 61.9 MPH)
|
Bottom of the 5th over - 0 runs, 0 hits, 0 errors, 1 left on base; Huntington Beach HS 4 - Stoneman Douglas HS 0 |
TOP OF THE 6TH |
Huntington Beach HS Oilers batting - Pitching for Stoneman Douglas HS Eagles : RHP Evan Harris
|
Batting: SHB Nathan Spear
|
0-0: Called Strike 0-1: SOLO HOME RUN (Flyball, 78XD, EV 110.0 MPH), Distance : 431 ft
|
Batting: RHB Colton Bushell
|
0-0: Swinging Strike 0-1: Swinging Strike 0-2: Ball 1-2: Ball 2-2: Ground out 5-3 (Groundball, 5L, EV 110.0 MPH)
|
Batting: RHB Harley Newton
|
0-0: Called Strike 0-1: SINGLE (Flyball, 6MD, EV 86.9 MPH)
|
Batting: RHB Kyle Boehm
|
0-0: Called Strike 0-1: Ball 1-1: DOUBLE (Groundball, 5L, EV 100.6 MPH) Harley Newton to third Runner from 3rd tries for Home, SAFE, no throw by LF
|
Batting: RHB Micah Lippe
|
0-0: Called Strike 0-1: Foul Ball, location: 2F 0-2: Strikes out swinging
|
Batting: SHB Maxwell Cross
|
0-0: Swinging Strike 0-1: Called Strike 0-2: Ball 1-2: Ball 2-2: Strikes out swinging
|
Top of the 6th over - 2 runs, 3 hits, 0 errors, 1 left on base; Huntington Beach HS 6 - Stoneman Douglas HS 0 |
BOTTOM OF THE 6TH |
Stoneman Douglas HS Eagles batting - Pitching for Huntington Beach HS Oilers : RHP Israel Creech
|
Batting: LHB Aaren Hernandez
|
0-0: Foul Ball, location: 2F 0-1: Swinging Strike 0-2: Ball 1-2: SINGLE (Groundball, 6M, EV 95.6 MPH)
|
Batting: RHB Seth Ussery
|
0-0: Ball Aaren Hernandez is caught stealing 2nd base 2-4 1-0: SINGLE (Line Drive, 4MD, EV 105.0 MPH)
|
Pitching: LHP Trae Deloatch
|
|
Batting: RHB Evan Worden
|
0-0: Ball 1-0: Ball 2-0: Swinging Strike 2-1: Fielders Choice at 2nd, 3-6 (Groundball, 3, EV 85.6 MPH)
|
Batting: RHB Connley Davis
|
0-0: SINGLE (Line Drive, 9S, EV 104.4 MPH) Evan Worden to second
|
Batting: LHB Ty Wallin
|
0-0: Called Strike 0-1: Called Strike 0-2: Strikes out swinging
|
Bottom of the 6th over - 0 runs, 3 hits, 0 errors, 2 left on base; Huntington Beach HS 6 - Stoneman Douglas HS 0 |
TOP OF THE 7TH |
Huntington Beach HS Oilers batting - Pitching for Stoneman Douglas HS Eagles : RHP Evan Harris
|
Batting: RHB Barry Stillwell
|
0-0: SOLO HOME RUN (Flyball, 78XD, EV 115.0 MPH), Distance : 440 ft
|
Batting: SHB Quinn Oropesa
|
0-0: Called Strike 0-1: Ball 1-1: SINGLE (Line Drive, 78M, EV 106.9 MPH)
|
Batting: RHB Parker Murphy
|
0-0: SINGLE (Groundball, 34D, EV 96.2 MPH) Quinn Oropesa to second Runner from 2nd tries for 3rd, SAFE, throw by RF made to third
|
Pinch Hitting: RHB Isaac Dunlap
|
0-0: Ball 1-0: Fly out, F9 (Flyball, 89M, EV 91.2 MPH)
|
Batting: RHB Colton Bushell
|
0-0: Swinging Strike 0-1: Ball 1-1: Called Strike 1-2: Strikes out looking
|
Batting: RHB Harley Newton
|
0-0: Ball 1-0: Ball 2-0: DOUBLE (Line Drive, 78D, EV 107.5 MPH) Quinn Oropesa scores Parker Murphy to third
|
Batting: RHB Kyle Boehm
|
0-0: Ball 1-0: Foul Ball, location: 2F 1-1: Called Strike 1-2: Strikes out swinging
|
Top of the 7th over - 2 runs, 4 hits, 0 errors, 2 left on base; Huntington Beach HS 8 - Stoneman Douglas HS 0 |
BOTTOM OF THE 7TH |
Stoneman Douglas HS Eagles batting - Pitching for Huntington Beach HS Oilers : LHP Trae Deloatch
|
Now at 2B: Isaac Dunlap
|
|
Batting: RHB Jimmy Matherly
|
0-0: Ball 1-0: Fly out, F8 (Flyball, 8RM, EV 77.5 MPH)
|
Batting: RHB Tony Sanders
|
0-0: Ball 1-0: Foul Ball, location: 2F 1-1: Swinging Strike 1-2: Foul Ball, location: 2F 1-2: SINGLE (Groundball, 6MD, EV 94.4 MPH)
|
Batting: SHB Clark Foster
|
0-0: Called Strike Tony Sanders steals 2nd base (no throw) 0-1: Swinging Strike 0-2: Strikes out swinging
|
Pinch Hitting: RHB Chad Travers
|
0-0: Ball Wild Pitch! Tony Sanders to third 1-0: Foul Ball, location: 2F 1-1: Ball 2-1: Ball 3-1: Base on Balls
|
Batting: LHB Aaren Hernandez
|
0-0: Ball 1-0: Foul Ball, location: 2F 1-1: Called Strike 1-2: Ground out U3 (Groundball, 3L, EV 85.0 MPH)
|
Bottom of the 7th over - 0 runs, 1 hit, 0 errors, 2 left on base; Huntington Beach HS 8 - Stoneman Douglas HS 0 |
TOP OF THE 8TH |
Huntington Beach HS Oilers batting - Pitching for Stoneman Douglas HS Eagles : RHP Evan Harris
|
Now in LF: Connley Davis
|
|
Now in RF: Chad Travers
|
|
Pinch Hitting: RHB Joey Parsons
|
0-0: Swinging Strike 0-1: Ball 1-1: Foul Ball, location: 2F 1-2: Strikes out swinging
|
Batting: SHB Maxwell Cross
|
0-0: Ball 1-0: Ball 2-0: Ball 3-0: Called Strike 3-1: Base on Balls
|
Pitching: LHP Seamus Hart
|
|
Batting: RHB Barry Stillwell
|
0-0: Foul Ball, location: 2F 0-1: Called Strike 0-2: Ball 1-2: Foul Ball, location: 2F 1-2: Ball 2-2: Ball 3-2: Foul Ball, location: 2F 3-2: Foul Ball, location: 2F 3-2: Base on Balls Maxwell Cross to second
|
Batting: SHB Quinn Oropesa
|
0-0: Ball 1-0: Swinging Strike 1-1: Foul Ball, location: 2F 1-2: Ball 2-2: Grounds into double play, 3-6-1 (Groundball, 34, EV 103.1 MPH)
|
Top of the 8th over - 0 runs, 0 hits, 0 errors, 1 left on base; Huntington Beach HS 8 - Stoneman Douglas HS 0 |
BOTTOM OF THE 8TH |
Stoneman Douglas HS Eagles batting - Pitching for Huntington Beach HS Oilers : LHP Trae Deloatch
|
Now at 3B: Ashton Robinson
|
|
Batting: RHB Seth Ussery
|
0-0: Swinging Strike 0-1: Fly out, F9 (Line Drive, 9S, EV 85.6 MPH)
|
Pinch Hitting: LHB Brian Wilcox
|
0-0: Ball 1-0: Called Strike 1-1: Ball 2-1: Ball 3-1: Called Strike 3-2: Strikes out looking
|
Pinch Hitting: RHB Malcolm Marshall
|
0-0: Ground out 5-3 (Groundball, 56S, EV 86.9 MPH)
|
Bottom of the 8th over - 0 runs, 0 hits, 0 errors, 0 left on base; Huntington Beach HS 8 - Stoneman Douglas HS 0 |
TOP OF THE 9TH |
Huntington Beach HS Oilers batting - Pitching for Stoneman Douglas HS Eagles : LHP Seamus Hart
|
Now at 1B: Nathaniel Price
|
|
Now in LF: Malcolm Marshall
|
|
Batting: RHB Parker Murphy
|
0-0: Called Strike 0-1: Ball 1-1: Swinging Strike 1-2: Strikes out swinging
|
Batting: RHB Isaac Dunlap
|
0-0: Called Strike 0-1: Swinging Strike 0-2: Ball 1-2: Ball 2-2: Ball 3-2: Fly out, F9 (Flyball, 89M, EV 80.6 MPH)
|
Batting: RHB Colton Bushell
|
0-0: Foul Ball, location: 2F 0-1: Fly out, F7 (Flyball, 7, EV 77.5 MPH)
|
Top of the 9th over - 0 runs, 0 hits, 0 errors, 0 left on base; Huntington Beach HS 8 - Stoneman Douglas HS 0 |
BOTTOM OF THE 9TH |
Stoneman Douglas HS Eagles batting - Pitching for Huntington Beach HS Oilers : LHP Trae Deloatch
|
Pinch Hitting: RHB Jeff Morris
|
0-0: Foul Ball, location: 2F 0-1: Foul Ball, location: 2F 0-2: Foul Ball, location: 2F 0-2: Strikes out swinging
|
Batting: RHB Jimmy Matherly
|
0-0: Ball 1-0: Hit by Pitch
|
Pinch Hitting: LHB Anthony Wittreich
|
0-0: Ball 1-0: Ball 2-0: Foul Ball, location: 2F 2-1: Foul Ball, location: 2F 2-2: Ball 3-2: Fielders Choice at 2nd, 3-6 (Groundball, 13, EV 91.2 MPH)
|
Batting: SHB Clark Foster
|
0-0: Called Strike 0-1: Ball 1-1: Ball 2-1: Foul Ball, location: 2F 2-2: Ball 3-2: Fly out, F7 (Flyball, 7LS, EV 90.0 MPH)
|
Bottom of the 9th over - 0 runs, 0 hits, 0 errors, 1 left on base; Huntington Beach HS 8 - Stoneman Douglas HS 0 |
|